DSL
DSL ATLANTA BRAVES @ DSL SEATTLE MARINERS
06/02/2042
 
TOP OF THE 1ST
DSL Atlanta Braves batting - Pitching for DSL Seattle Mariners : RHP Billy Puckett
Pitching: RHP Billy Puckett
Batting: RHB Juan Ramírez 0-0: Foul Ball, location: 2F
0-1: Foul Ball, location: 3F
0-2: Ball
1-2: Ball
2-2: Ball
3-2: Foul Ball, location: 25F
3-2: Base on Balls
Batting: RHB Luis Silva 0-0: Called Strike
Juan Ramírez steals 2nd base
0-1: Foul Ball, location: 2F
0-2: Ball
1-2: Fly out, F8 (Flyball, 8RM, EV 101.3 MPH)
Batting: LHB Jorge Alfaro 0-0: Ball
1-0: Ball
2-0: 2-RUN HOME RUN (Flyball, 8RXD, EV 113.8 MPH), Distance : 456 ft
Batting: RHB Jesús Otero 0-0: Ball
1-0: Ball
2-0: Foul Ball, location: 9LSF
2-1: Ball
3-1: Called Strike
3-2: Foul Ball, location: 2F
3-2: Foul Ball, location: 9LSF
3-2: Strikes out swinging
Batting: RHB Colt Shepherd 0-0: Ball
1-0: Called Strike
1-1: Foul Ball, location: 2F
1-2: Ball
2-2: Ball
3-2: Strikes out swinging
Top of the 1st over - 2 runs, 1 hit, 0 errors, 0 left on base; DSL Atlanta 2 - DSL Seattle 0
BOTTOM OF THE 1ST
DSL Seattle Mariners batting - Pitching for DSL Atlanta Braves : RHP Alonso Borghese
Pitching: RHP Alonso Borghese
Batting: RHB Albert Rodríguez 0-0: SOLO HOME RUN (Flyball, 89XD, EV 105.6 MPH) (Inside the Park)
Batting: RHB Beau Durham 0-0: Ground out 5-3 (Groundball, 56, EV 81.3 MPH)
Batting: RHB Héctor Martínez 0-0: Ball
1-0: Ground out 5-3 (Groundball, 5L, EV 86.3 MPH)
Batting: LHB Jerry Butler 0-0: Ball
1-0: Foul Ball, location: 2LF
1-1: DOUBLE (Flyball, 8RXD, EV 106.9 MPH)
Batting: RHB Xavier Féliz 0-0: Ball
1-0: Foul Ball, location: 23FF
1-1: Foul Ball, location: 5F
1-2: Ball
2-2: Fly out, F9 (Flyball, 9, EV 96.9 MPH)
Bottom of the 1st over - 1 run, 2 hits, 0 errors, 1 left on base; DSL Atlanta 2 - DSL Seattle 1
TOP OF THE 2ND
DSL Atlanta Braves batting - Pitching for DSL Seattle Mariners : RHP Billy Puckett
Batting: SHB José Torrers 0-0: Ball
1-0: Foul Ball, location: 2F
1-1: Swinging Strike
1-2: Strikes out swinging
Batting: SHB Juan Castro 0-0: Fly out, F7 (Flyball, 7, EV 93.1 MPH)
Batting: RHB José Moreno 0-0: Ball
1-0: Ball
2-0: Called Strike
2-1: Foul Ball, location: 2F
2-2: Strikes out looking
Top of the 2nd over - 0 runs, 0 hits, 0 errors, 0 left on base; DSL Atlanta 2 - DSL Seattle 1
BOTTOM OF THE 2ND
DSL Seattle Mariners batting - Pitching for DSL Atlanta Braves : RHP Alonso Borghese
Batting: RHB Bradley Gadsden 0-0: Ball
1-0: Foul Ball, location: 2F
1-1: Ground out 4-3 (Groundball, 4, EV 83.1 MPH)
Batting: LHB Jorge Gonzáles 0-0: Ball
1-0: Fly out, F4 (Popup, 3DF, EV 48.1 MPH)
Batting: RHB Sean Wall 0-0: Foul Ball, location: 25F
0-1: Ball
1-1: Ball
2-1: Ball
3-1: Called Strike
3-2: Base on Balls
Batting: LHB Jorge Limón 0-0: Called Strike
Sean Wall steals 2nd base
0-1: Called Strike
0-2: Strikes out swinging
Bottom of the 2nd over - 0 runs, 0 hits, 0 errors, 1 left on base; DSL Atlanta 2 - DSL Seattle 1
TOP OF THE 3RD
DSL Atlanta Braves batting - Pitching for DSL Seattle Mariners : RHP Billy Puckett
Batting: RHB Alfredo Ramos 0-0: Ball
1-0: Called Strike
1-1: Called Strike
1-2: Strikes out swinging
Batting: RHB Juan Ramírez 0-0: Called Strike
0-1: Swinging Strike
0-2: Foul Ball, location: 5FF
0-2: Ball
1-2: Ball
2-2: Ball
3-2: Strikes out swinging
Batting: RHB Luis Silva 0-0: Foul Ball, location: 23F
0-1: Ball
1-1: Called Strike
1-2: Ball
2-2: Ball
3-2: DOUBLE (Flyball, 78D, EV 98.8 MPH)
Batting: LHB Jorge Alfaro 0-0: Ball
1-0: Called Strike
1-1: Ball
2-1: Ball
3-1: Base on Balls
Batting: RHB Jesús Otero 0-0: Ball
1-0: Swinging Strike
1-1: Ball
2-1: Called Strike
2-2: Fly out, F9 (Flyball, 9D, EV 104.4 MPH)
Top of the 3rd over - 0 runs, 1 hit, 0 errors, 2 left on base; DSL Atlanta 2 - DSL Seattle 1
BOTTOM OF THE 3RD
DSL Seattle Mariners batting - Pitching for DSL Atlanta Braves : RHP Alonso Borghese
Batting: RHB Albert Rodríguez 0-0: Ball
1-0: Called Strike
1-1: Ball
2-1: Ball
3-1: Base on Balls
Batting: RHB Beau Durham 0-0: Called Strike
Albert Rodríguez steals 2nd base
0-1: Foul Ball, location: 9LDF
0-2: Foul Ball, location: 2F
0-2: Strikes out swinging
Batting: RHB Héctor Martínez 0-0: Ball
1-0: Ball
2-0: Ground out 4-3 (Groundball, 4, EV 96.3 MPH)
Albert Rodríguez to third
Batting: LHB Jerry Butler 0-0: Called Strike
0-1: Foul Ball, location: 2F
0-2: Ball
1-2: Foul Ball, location: 2F
1-2: Foul Ball, location: 5F
1-2: Ball
2-2: Foul Ball, location: 2F
2-2: Ball
3-2: Foul Ball, location: 2F
3-2: Fly out, F7 (Line Drive, 78M, EV 85.0 MPH)
Bottom of the 3rd over - 0 runs, 0 hits, 0 errors, 1 left on base; DSL Atlanta 2 - DSL Seattle 1
TOP OF THE 4TH
DSL Atlanta Braves batting - Pitching for DSL Seattle Mariners : RHP Billy Puckett
Batting: RHB Colt Shepherd 0-0: Called Strike
0-1: Ground out 5-3 (Groundball, 5S, EV 80.6 MPH)
Batting: SHB José Torrers 0-0: Called Strike
0-1: Ball
1-1: Ball
2-1: Called Strike
2-2: SINGLE (Groundball, 4M, EV 106.9 MPH) (infield hit)
Batting: SHB Juan Castro 0-0: Ball
1-0: Ball
2-0: Fly out, F6 (Popup, 6, EV 56.9 MPH)
Batting: RHB José Moreno 0-0: Ball
José Torrers steals 2nd base
1-0: Ball
2-0: Foul Ball, location: 5F
2-1: Ball
3-1: Base on Balls
Batting: RHB Alfredo Ramos 0-0: Called Strike
0-1: Foul Ball, location: 5F
0-2: Ball
1-2: Fielders Choice at 2nd, 6-4 (Groundball, 6, EV 105.0 MPH)
Top of the 4th over - 0 runs, 1 hit, 0 errors, 2 left on base; DSL Atlanta 2 - DSL Seattle 1
BOTTOM OF THE 4TH
DSL Seattle Mariners batting - Pitching for DSL Atlanta Braves : RHP Alonso Borghese
Batting: RHB Xavier Féliz 0-0: Called Strike
0-1: SINGLE (Groundball, 34D, EV 95.0 MPH)
Batting: RHB Bradley Gadsden 0-0: Fly out, F3 (Popup, 3S, EV 78.1 MPH)
Batting: LHB Jorge Gonzáles 0-0: Ground out 6-3 (Groundball, 6MS, EV 66.3 MPH)
Xavier Féliz to second
Batting: RHB Sean Wall 0-0: SINGLE (Groundball, 34D, EV 102.5 MPH)
Xavier Féliz to third
Runner from 3rd tries for Home, SAFE, throw by RF to home
Sean Wall to second
Batting: LHB Jorge Limón 0-0: Ball
1-0: Ball
2-0: Called Strike
2-1: Foul Ball, location: 2F
2-2: Foul Ball, location: 2LF
2-2: Ball
3-2: Strikes out swinging
Bottom of the 4th over - 1 run, 2 hits, 0 errors, 1 left on base; DSL Atlanta 2 - DSL Seattle 2
TOP OF THE 5TH
DSL Atlanta Braves batting - Pitching for DSL Seattle Mariners : RHP Billy Puckett
Batting: RHB Juan Ramírez 0-0: Called Strike
0-1: Ball
1-1: Foul Ball, location: 3F
1-2: Foul Ball, location: 9LMF
1-2: Ball
2-2: Fly out, F7 (Flyball, 7D, EV 111.3 MPH)
Batting: RHB Luis Silva 0-0: Foul Ball, location: 25FF
0-1: Ball
1-1: Ball
2-1: Ball
3-1: Called Strike
3-2: Foul Ball, location: 2F
3-2: Base on Balls
Batting: LHB Jorge Alfaro 0-0: Called Strike
Luis Silva is caught stealing 2nd base 2-6
0-1: Foul Ball, location: 23F
0-2: TRIPLE (Line Drive, 89XD, EV 109.4 MPH)
Batting: RHB Jesús Otero 0-0: Ball
1-0: Called Strike
1-1: Ball
2-1: Ball
3-1: Foul Ball, location: 2F
3-2: Base on Balls
Batting: RHB Colt Shepherd 0-0: Ball
1-0: Foul Ball, location: 3F
1-1: Ball
2-1: Swinging Strike
2-2: Ball
3-2: Foul Ball, location: 9LSF
3-2: Base on Balls
Jesús Otero to second
Batting: SHB José Torrers 0-0: Ball
1-0: Ball
2-0: Ball
3-0: Called Strike
3-1: Base on Balls
Jorge Alfaro scores
Jesús Otero to third
Colt Shepherd to second
Pitching: RHP Jim Unknown
Batting: SHB Juan Castro 0-0: Called Strike
0-1: Ball
1-1: Ball
2-1: Fly out, F4 (Line Drive, 4, EV 73.1 MPH)
Top of the 5th over - 1 run, 1 hit, 0 errors, 3 left on base; DSL Atlanta 3 - DSL Seattle 2
BOTTOM OF THE 5TH
DSL Seattle Mariners batting - Pitching for DSL Atlanta Braves : RHP Alonso Borghese
Batting: RHB Albert Rodríguez 0-0: Ball
1-0: Ball
2-0: Ball
3-0: Base on Balls
Batting: RHB Beau Durham 0-0: Sac Bunt to 13 - play at first, batter OUT! 1-3
Albert Rodríguez to second
Batting: RHB Héctor Martínez 0-0: Foul Ball, location: 25F
0-1: Called Strike
0-2: Ball
1-2: Ball
2-2: Ball
3-2: 2-RUN HOME RUN (Flyball, 7D, EV 96.9 MPH), Distance : 387 ft
Batting: LHB Jerry Butler 0-0: Called Strike
0-1: Ball
1-1: Ball
2-1: Swinging Strike
2-2: Strikes out swinging
Batting: RHB Xavier Féliz 0-0: Ball
1-0: Ball
2-0: Ball
3-0: Base on Balls
Pitching: LHP Edgar López
Batting: RHB Bradley Gadsden 0-0: Foul Ball, location: 2F
0-1: Ball
1-1: Foul Ball, location: 9LSF
1-2: Ball
2-2: Strikes out looking
Bottom of the 5th over - 2 runs, 1 hit, 0 errors, 1 left on base; DSL Atlanta 3 - DSL Seattle 4
TOP OF THE 6TH
DSL Atlanta Braves batting - Pitching for DSL Seattle Mariners : RHP Jim Unknown
Pinch Hitting: RHB Tomás Segura 0-0: Ball
1-0: Swinging Strike
1-1: Foul Ball, location: 2LF
1-2: Ball
2-2: Ball
3-2: SOLO HOME RUN (Flyball, 8RXD, EV 110.0 MPH), Distance : 438 ft
Batting: RHB Alfredo Ramos 0-0: Called Strike
0-1: Ball
1-1: SOLO HOME RUN (Flyball, 78XD, EV 110.6 MPH), Distance : 441 ft
Batting: RHB Juan Ramírez 0-0: Ball
1-0: Called Strike
1-1: Ball
2-1: Foul Ball, location: 25F
2-2: Strikes out looking
Batting: RHB Luis Silva 0-0: Called Strike
0-1: Called Strike
0-2: Hit by Pitch
Batting: LHB Jorge Alfaro 0-0: Called Strike
0-1: Called Strike
0-2: Ball
1-2: TRIPLE (Line Drive, 9D, EV 101.9 MPH)
Luis Silva scores
Batting: RHB Jesús Otero 0-0: Intentional Walk
Batting: RHB Colt Shepherd 0-0: Foul Ball, location: 2F
0-1: Ball
1-1: Ball
Wild Pitch!
Jorge Alfaro scores
Jesús Otero to second
2-1: Intentional Walk
Batting: SHB José Torrers 0-0: Ball
1-0: Ball
2-0: Called Strike
2-1: Foul Ball, location: 7LMF
2-2: Strikes out swinging
Batting: SHB Juan Castro 0-0: Called Strike
0-1: Ball
1-1: Foul Ball, location: 7LSF
1-2: Strikes out swinging
Top of the 6th over - 4 runs, 3 hits, 0 errors, 2 left on base; DSL Atlanta 7 - DSL Seattle 4
BOTTOM OF THE 6TH
DSL Seattle Mariners batting - Pitching for DSL Atlanta Braves : LHP Edgar López
Now at 3B: Raúl Durango
Batting: LHB Jorge Gonzáles 0-0: Swinging Strike
0-1: Foul Ball, location: 2F
0-2: Ball
1-2: Strikes out looking
Batting: RHB Sean Wall 0-0: Called Strike
0-1: Fly out, F7 (Flyball, 78M, EV 95.0 MPH)
Batting: LHB Jorge Limón 0-0: Ball
1-0: Called Strike
1-1: Swinging Strike
1-2: Strikes out looking
Bottom of the 6th over - 0 runs, 0 hits, 0 errors, 0 left on base; DSL Atlanta 7 - DSL Seattle 4
TOP OF THE 7TH
DSL Atlanta Braves batting - Pitching for DSL Seattle Mariners : RHP Jim Unknown
Batting: RHB Raúl Durango 0-0: Ball
1-0: Ball
2-0: Foul Ball, location: 5F
2-1: Ball
3-1: Foul Ball, location: 5F
3-2: Base on Balls
Batting: RHB Alfredo Ramos 0-0: Called Strike
0-1: Foul Ball, location: 2F
0-2: Strikes out swinging
Batting: RHB Juan Ramírez 0-0: Foul Ball, location: 23F
0-1: Called Strike
0-2: 2-RUN HOME RUN (Flyball, 78XD, EV 110.6 MPH), Distance : 419 ft
Batting: RHB Luis Silva 0-0: Ball
1-0: DOUBLE (Line Drive, 89D, EV 100.6 MPH)
Batting: LHB Jorge Alfaro 0-0: Ball
1-0: Ball
2-0: Fly out, F8 (Flyball, 78D, EV 105.6 MPH)
Batting: RHB Jesús Otero 0-0: Ball
1-0: Foul Ball, location: 2F
1-1: Ball
2-1: Ball
3-1: Called Strike
3-2: Foul Ball, location: 2F
3-2: Base on Balls
Pitching: RHP Jim Unknown
Batting: RHB Colt Shepherd 0-0: Called Strike
0-1: Called Strike
0-2: Strikes out swinging
Top of the 7th over - 2 runs, 2 hits, 0 errors, 2 left on base; DSL Atlanta 9 - DSL Seattle 4
BOTTOM OF THE 7TH
DSL Seattle Mariners batting - Pitching for DSL Atlanta Braves : LHP Edgar López
Batting: RHB Albert Rodríguez 0-0: Ball
1-0: Called Strike
1-1: DOUBLE (Line Drive, 9LS, EV 88.8 MPH)
Batting: RHB Beau Durham 0-0: SINGLE (Groundball, 56, EV 89.4 MPH)
Albert Rodríguez to third
Batting: RHB Héctor Martínez 0-0: Grounds into double play, 5-4-3 (Groundball, 56S, EV 90.0 MPH)
Albert Rodríguez scores
Batting: LHB Jerry Butler 0-0: Ball
1-0: Foul Ball, location: 5FF
1-1: Ball
2-1: Foul Ball, location: 7LMF
2-2: Strikes out swinging
Bottom of the 7th over - 1 run, 2 hits, 0 errors, 0 left on base; DSL Atlanta 9 - DSL Seattle 5
TOP OF THE 8TH
DSL Atlanta Braves batting - Pitching for DSL Seattle Mariners : RHP Jim Unknown
Batting: SHB José Torrers 0-0: Called Strike
0-1: Ground out 5-3 (Groundball, 5, EV 104.4 MPH)
Batting: SHB Juan Castro 0-0: Called Strike
0-1: Ball
1-1: Ball
2-1: Ball
3-1: Base on Balls
Batting: RHB Raúl Durango 0-0: Called Strike
0-1: Called Strike
0-2: Ball
1-2: Ball
2-2: Strikes out looking
Batting: RHB Alfredo Ramos 0-0: Ball
1-0: Ball
2-0: Foul Ball, location: 2F
2-1: Foul Ball, location: 5FF
2-2: Hit by Pitch
Juan Castro to second
Batting: RHB Juan Ramírez 0-0: Called Strike
0-1: Swinging Strike
0-2: Foul Ball, location: 5SF
0-2: Strikes out swinging
Top of the 8th over - 0 runs, 0 hits, 0 errors, 2 left on base; DSL Atlanta 9 - DSL Seattle 5
BOTTOM OF THE 8TH
DSL Seattle Mariners batting - Pitching for DSL Atlanta Braves : LHP Edgar López
Batting: RHB Xavier Féliz 0-0: Ball
1-0: Called Strike
1-1: Ball
2-1: Ball
3-1: Ground out 5-3 (Groundball, 56S, EV 79.4 MPH)
Batting: RHB Bradley Gadsden 0-0: Ball
1-0: Called Strike
1-1: DOUBLE (Line Drive, 5D, EV 102.5 MPH)
Pitching: RHP Geoff Griggs
Batting: LHB Jorge Gonzáles 0-0: Called Strike
0-1: Swinging Strike
0-2: Foul Ball, location: 2F
0-2: Strikes out swinging
Batting: LHB Chris O'Slattery 0-0: Ball
1-0: Foul Ball, location: 7LDF
1-1: 2-RUN HOME RUN (Flyball, 7D, EV 95.6 MPH), Distance : 385 ft
Batting: LHB Jorge Limón 0-0: Foul Ball, location: 3SF
0-1: Foul Ball, location: 2F
0-2: Ball
1-2: Strikes out swinging
Bottom of the 8th over - 2 runs, 2 hits, 0 errors, 0 left on base; DSL Atlanta 9 - DSL Seattle 7
TOP OF THE 9TH
DSL Atlanta Braves batting - Pitching for DSL Seattle Mariners : RHP Jim Unknown
Batting: RHB Luis Silva 0-0: Ball
1-0: Called Strike
1-1: Swinging Strike
1-2: Strikes out swinging
Batting: LHB Jorge Alfaro 0-0: DOUBLE (Flyball, 8RXD, EV 110.6 MPH)
Batting: RHB Jesús Otero 0-0: Intentional Walk
Batting: RHB Colt Shepherd 0-0: Ball
1-0: Foul Ball, location: 5FF
1-1: Foul Ball, location: 9LSF
1-2: Strikes out swinging
Batting: SHB José Torrers 0-0: Swinging Strike
0-1: Swinging Strike
0-2: Foul Ball, location: 3FF
0-2: Fielders Choice at 2nd, 5-4 (Groundball, 56, EV 66.9 MPH)
Top of the 9th over - 0 runs, 1 hit, 0 errors, 2 left on base; DSL Atlanta 9 - DSL Seattle 7
BOTTOM OF THE 9TH
DSL Seattle Mariners batting - Pitching for DSL Atlanta Braves : RHP Geoff Griggs
Pitching: RHP David Román
Batting: RHB Albert Rodríguez 0-0: Ball
1-0: Fly out, F7 (Flyball, 7D, EV 90.0 MPH)
Pinch Hitting: LHB Gene Park 0-0: Ball
1-0: Ball
2-0: Ball
3-0: Called Strike
3-1: Base on Balls
Batting: RHB Héctor Martínez 0-0: Ball
1-0: Ball
2-0: Ball
3-0: Base on Balls
Gene Park to second
Batting: LHB Jerry Butler 0-0: Called Strike
0-1: Ball
1-1: Swinging Strike
1-2: Strikes out swinging
Batting: RHB Xavier Féliz 0-0: Ball
1-0: Ball
2-0: Called Strike
2-1: Foul Ball, location: 3FF
2-2: Foul Ball, location: 2F
2-2: Foul Ball, location: 7LMF
2-2: Foul Ball, location: 9LDF
2-2: Ground out 4-3 (Groundball, 4, EV 77.5 MPH)
Bottom of the 9th over - 0 runs, 0 hits, 0 errors, 2 left on base; DSL Atlanta 9 - DSL Seattle 7
Friday, May 3rd , 2024 - OOTP Baseball 24.10 Build 82